 Dungeon Crawl Stone Soup version 0.31-a0-161-gb58dd9be76 (webtiles) character file.

Game seed: 15391802235120287010

12784 Pooter the Cleaver (level 11, -12/148 HPs)
             Began as a Minotaur Berserker on June 12, 2023.
             Was a Believer of Trog.
             Mangled by a tyrant leech (21 damage)
             ... on level 2 of the Lair of Beasts.
             The game lasted 00:52:20 (10900 turns).

Pooter the Cleaver (Minotaur Berserker)            Turns: 10900, Time: 00:52:21

Health: -12/148    AC: 19    Str: 29    XL:     11   Next: 67%
Magic:  10/10      EV: 10    Int:  4    God:    Trog [**....]
Gold:   470        SH:  5    Dex: 11    Spells: 10/10 levels left

rFire   + . .        a - +4 battleaxe
rCold   + . .        (shield currently unavailable)
rNeg    + + .        y - +3 chain mail {rC+}
rPois   .            l - +1 hat
rElec   .            w - +0 cloak of the Swamp {rF+ rN++ rCorr Str-4 Dex+2}
rCorr   +            n - +0 pair of gloves
SInv    .            M - +0 pair of boots
Will    .....        k - amulet of reflection Stlth
                     S - +6 ring of strength
HPRegen 0.44/turn    (no ring)
MPRegen 0.12/turn

%: reflection
@: mighty, berserking (expiring), very quick
A: horns 2, retaliatory headbutt
a: Renounce Religion, Berserk, Trog's Hand


You were on level 2 of the Lair of Beasts.
You worshipped Trog.
Trog was pleased with you.
You visited 2 branches of the dungeon, and saw 12 of its levels.

You collected 734 gold pieces.
You spent 264 gold pieces at shops.

Inventory:

Hand Weapons
 a - a +4 battleaxe (weapon)
   (You took it off a wight on level 9 of the Dungeon)
 b - a +0 orcbow
   (You took it off a centaur on level 10 of the Dungeon)
 q - the +6 hand axe "Lukkeuv" {flame, Dex+5 SInv Stlth-}
   (You found it on level 3 of the Dungeon)

   Dex:       It affects your dexterity (+5).
   SInv:      It lets you see invisible.
   Stlth:     It makes you less stealthy.
 K - a +2 trident of flaming
   (You took it off an orc on level 5 of the Dungeon)
 L - the +7 flail "Ammuq" {protect, Dex+4}
   (You found it on level 9 of the Dungeon)

   Dex:       It affects your dexterity (+4).
Missiles
 p - 2 javelins
 v - 10 poisoned darts (quivered)
 x - 2 throwing nets {!f}
 z - 2 atropa-tipped darts
 H - a boomerang
 Q - 100 stones
Armour
 c - a +0 plate armour
   (You found it on level 1 of the Dungeon)
 l - a +1 hat (worn)
   (You found it on level 2 of the Dungeon)
 n - a +0 pair of gloves (worn)
   (You found it on level 2 of the Dungeon)
 w - the +0 cloak of the Swamp (worn) {rF+ rN++ rCorr Str-4 Dex+2}
   (You found it on level 4 of the Dungeon)

   Str:       It affects your strength (-4).
   Dex:       It affects your dexterity (+2).
   rF:        It protects you from fire.
   rN:        It greatly protects you from negative energy.
   rCorr:     It protects you from acid and corrosion.
 y - a +3 chain mail of cold resistance (worn)
   (You took it off an orc on level 4 of the Dungeon)
 M - a +0 pair of boots (worn)
   (You found it on level 6 of the Dungeon)
 O - a +2 cloak
   (You found it on level 9 of the Dungeon)
Jewellery
 e - an amulet of faith {!P}
   (You found it on level 1 of the Dungeon)
 k - an amulet of reflection (around neck)
   (You found it on level 2 of the Dungeon)
 G - an amulet of guardian spirit
   (You took it off an orc on level 4 of the Dungeon)
 N - a +6 ring of intelligence
   (You found it on level 7 of the Dungeon)
 S - a +6 ring of strength (left hand)
   (You found it on level 10 of the Dungeon)
Wands
 f - a wand of flame (10)
   (You found it on level 10 of the Dungeon)
 C - a wand of mindburst (6)
   (You found it on level 6 of the Dungeon)
 D - a wand of digging (2)
   (You found it on level 8 of the Dungeon)
 I - a wand of charming (16)
   (You took it off an orc wizard on level 9 of the Dungeon)
Scrolls
 d - 3 scrolls of fear
 o - 3 scrolls of blinking
 r - 6 scrolls of poison {!r}
 t - 5 scrolls of teleportation {@r4}
 P - a scroll of immolation {!r}
 R - 5 scrolls of noise {!r}
 T - a scroll of silence
Potions
 g - 2 potions of heal wounds {@q2}
 j - 2 potions of cancellation
 m - a potion of might
 s - 2 potions of mutation {!q}
 u - 4 potions of curing {@q1}
 A - 2 potions of haste {@q3}
 B - 2 potions of enlightenment
 E - 3 potions of resistance
 F - a potion of invisibility {unknown}
 J - a potion of attraction {unknown}


   Skills:
 + Level 9.8 Fighting
 * Level 13.5 Axes
 * Level 11.7 Ranged Weapons
 + Level 9.4 Armour
 - Level 2.1 Dodging
 - Level 2.2 Stealth


You had 10 spell levels left.
You didn't know any spells.
Your spell library was empty.

Dungeon Overview and Level Annotations

Branches:
Dungeon (10/15)            Temple (0/1) D:6            Lair (2/5) D:8
  Swamp: Lair:2-3    Shoals: Lair:2-3     Snake: Lair:2-3    Spider: Lair:2-3
    Orc: D:9-12

Altars:
Ashenzari
Cheibriados
Fedhas
Gozag
Kikubaaqudgha
Nemelex Xobeh
Okawaru
Qazlal
Sif Muna
Trog
Uskayaw
Vehumet
Wu Jian
Xom

Shops:
D:4 (!(

Annotations:
D:5 3 runed translucent doors, comborobin's ghost, amateur DEDe
D:9 exclusion: obsidian statue


Innate Abilities, Weirdness & Mutations

You have a pair of horns on your head.
You reflexively headbutt those who attack you in melee.


Message History

The tyrant leech bites you but does no damage.
You slice the tyrant leech like a ripe choko!!!
You slash the tyrant leech!
A tyrant leech comes into view.
The tyrant leech bites you. You block the tyrant leech's attack.
You closely miss the tyrant leech. Your headbutt misses the tyrant leech.
You slash the tyrant leech! The tyrant leech misses you.
You closely miss the tyrant leech. Your headbutt misses the tyrant leech.
You barely miss the tyrant leech. The tyrant leech barely misses you.
You barely miss the tyrant leech. You headbutt the tyrant leech!
You kill the tyrant leech!
Trog accepts your kill.
You barely miss the tyrant leech.
You feel the effects of Trog's Hand fading.
You block the tyrant leech's attack.
A bullfrog comes into view.
You miss the tyrant leech. The tyrant leech bites you!!
The tyrant leech draws strength from your injuries!
You hit the tyrant leech.
You headbutt the tyrant leech, but do no damage.
The tyrant leech bites you!!
* * * LOW HITPOINT WARNING * * *
A red film seems to cover your vision as you go berserk!
You feel yourself moving faster!
You feel mighty! The tyrant leech bites you.
* * * LOW HITPOINT WARNING * * *
The bullfrog hits you but does no damage.
You hit the tyrant leech. Your headbutt misses the tyrant leech.
You barely miss the bullfrog. You barely miss the tyrant leech.
You hit the tyrant leech. You slash the bullfrog! The bullfrog misses you.
You furiously retaliate!
You headbutt the bullfrog!
You kill the bullfrog!
Trog accepts your kill. You block the tyrant leech's attack.
You slice the tyrant leech!! You barely miss the tyrant leech.
Your skin stops crawling.
You feel less strong-willed. The tyrant leech bites you!!
* * * LOW HITPOINT WARNING * * *
The tyrant leech draws strength from your injuries!
You slash the tyrant leech!
You kill the tyrant leech!
Trog accepts your kill.
You slice the tyrant leech!! You barely miss the tyrant leech.
The tyrant leech bites you!!
* * * LOW HITPOINT WARNING * * *
The tyrant leech draws strength from your injuries!
You closely miss the tyrant leech.
Unknown command.
You closely miss the tyrant leech. The tyrant leech bites you!!
You die...

....#.#...#........
#..#.....#.#.#........
P..#........[.#........
.^..#...#.......#.#.#..
............P.....#.# .
....#...#.#.....#.....
#........#...#.#.#...
#...†......#.# ....
##.w@........# ....
#.......#.#...#...#..
##.#......#...#.P.#
##.........P.#..
#.P............
..............
###..##..###..P ####
###


You could see a tyrant leech.

Vanquished Creatures
  The ghost of AwFulAwFulPlayer the Skirmisher, a journeyman DsCK of Xom (D:10)
  A two-headed ogre (D:9)
  5 elephants (Lair:2)
  Psyche (D:10)
  2 cane toads (Lair:1)
  2 rime drakes
  2 komodo dragons (Lair:1)
  2 tyrant leeches (Lair:2)
  A shadow (D:10)
  3 wyverns
  A vampire (D:10)
  8 yaks (Lair:1)
  A steam dragon (D:7)
  A swamp worm (Lair:2)
  Menkaure (D:6)
  4 water moccasins
  8 ice beasts
  3 black bears
  An ogre (D:6)
  2 sky beasts
  4 wolves (D:8)
  2 centaurs (D:10)
  A phantom (D:6)
  A kobold brigand (D:9)
  3 gnoll sergeants
  5 bullfrogs
  2 scorpions
  11 wights
  23 killer bees
  2 electric eels (Lair:2)
  A gnoll bouda (D:6)
  2 hounds
  A jelly (D:7)
  An orc priest (D:7)
  A sleepcap (D:6)
  Terence (D:2)
  5 orc wizards
  4 iguanas
  Robin (D:2)
  25 gnolls
  4 adders
  A shadow imp (D:5)
  A white imp (D:6)
  An ufetubus (D:5)
  A worm (D:3)
  5 dart slugs
  19 orcs
  5 ball pythons
  4 endoplasms
  3 giant cockroaches
  16 goblins
  13 hobgoblins
  7 jackals (D:4)
  13 kobolds
  2 quokkas
  7 bats
  4 frilled lizards
  5 rats
257 creatures vanquished.

Notes
Turn   | Place    | Note
-------+----------+-------------------------------------------
     0 | D:1      | Pooter the Minotaur Berserker began the quest for the Orb.
     0 | D:1      | Reached XP level 1. HP: 19/19 MP: 0/0
   141 | D:1      | Reached XP level 2. HP: 23/27 MP: 1/1
   174 | D:1      | Reached skill level 4 in Axes
   207 | D:1      | Reached skill level 1 in Stealth
   388 | D:1      | Reached ** piety under Trog
   439 | D:1      | Reached XP level 3. HP: 33/33 MP: 2/2
   827 | D:2      | Noticed Terence
   836 | D:2      | Killed Terence
   893 | D:2      | Found a hide-covered altar of Uskayaw.
   901 | D:2      | Reached XP level 4. HP: 40/40 MP: 3/3
  1023 | D:2      | Noticed Robin
  1030 | D:2      | Killed Robin
  1219 | D:2      | Reached skill level 5 in Axes
  1287 | D:2      | Found a faded altar of an unknown god.
  1322 | D:3      | Reached XP level 5. HP: 42/46 MP: 4/4
  1333 | D:3      | Reached *** piety under Trog
  1390 | D:3      | Found an iron altar of Okawaru.
  1397 | D:3      | Reached skill level 1 in Ranged Weapons
  1404 | D:3      | Identified the +6 hand axe "Lukkeuv" {flame, Dex+5 SInv
                  | Stlth-}
  1550 | D:3      | Found a shimmering altar of Xom.
  1825 | D:4      | Reached XP level 6. HP: 21/53 MP: 5/5
  1988 | D:4      | Found Puugg's Antique Weapon Shop.
  1998 | D:4      | Reached skill level 6 in Axes
  2001 | D:4      | Reached skill level 5 in Fighting
  2088 | D:4      | Reached XP level 7. HP: 61/61 MP: 6/6
  2098 | D:4      | Found Wuyr's Distillery.
  2111 | D:4      | Found a blossoming altar of Fedhas.
  2142 | D:4      | Identified the +0 cloak of the Swamp {rF+ rN++ rCorr Str-4
                  | Dex+2}
  2249 | D:4      | Bought a potion of heal wounds for 55 gold pieces
  2249 | D:4      | Bought a potion of curing for 33 gold pieces
  2249 | D:4      | Bought a potion of mutation for 88 gold pieces
  2488 | D:4      | Found a stormy altar of Qazlal.
  2489 | D:4      | Found an ancient bone altar of Kikubaaqudgha.
  2777 | D:4      | Reached **** piety under Trog
  2809 | D:4      | Found Seast's Weapon Shoppe.
  3045 | D:5      | Entered Level 5 of the Dungeon
  3049 | D:5      | You fall into a shaft and drop 3 floors!
  3268 | D:8      | Noticed a wraith
  3439 | D:6      | Noticed Menkaure
  3459 | D:6      | Killed Menkaure
  3460 | D:6      | Reached skill level 7 in Axes
  3573 | D:6      | Reached XP level 8. HP: 70/70 MP: 7/7
  3576 | D:6      | Reached skill level 5 in Ranged Weapons
  3580 | D:6      | Reached skill level 5 in Armour
  3838 | D:5      | Found a runed translucent gate.
  3838 | D:5      | Found a runed translucent gate.
  3839 | D:5      | Found a runed translucent gate.
  3843 | D:5      | Noticed comborobin's ghost (amateur DEDe)
  3967 | D:4      | Reached skill level 8 in Axes
  4281 | D:5      | Identified the +0 dagger "ETAOIN SHRDLU" {speed, rPois}
  4904 | D:6      | Reached skill level 9 in Axes
  4908 | D:6      | Reached XP level 9. HP: 78/78 MP: 8/8
  5337 | D:6      | Found a staircase to the Ecumenical Temple.
  5652 | D:7      | Found an opulent altar of Gozag.
  5688 | D:7      | Found a bloodstained altar of Trog.
  5816 | D:7      | Found a radiant altar of Vehumet.
  6650 | D:7      | Reached skill level 10 in Axes
  6945 | D:8      | Found a broken altar of Ashenzari.
  7071 | D:8      | Noticed a rime drake
  7098 | D:8      | Killed a rime drake
  7103 | D:8      | Reached XP level 10. HP: 88/88 MP: 9/9
  7267 | D:8      | Found a staircase to the Lair.
  7362 | D:8      | Reached skill level 11 in Axes
  7362 | D:8      | Found a snail-covered altar of Cheibriados.
  7643 | D:9      | Identified the +7 flail "Ammuq" {protect, Dex+4}
  7826 | D:4      | Bought a potion of cancellation for 88 gold pieces
  7977 | D:9      | Found a shimmering blue altar of Sif Muna.
  7977 | D:9      | Found an ornate altar of the Wu Jian Council.
  8089 | D:9      | Noticed an obsidian statue
  8366 | D:9      | Noticed a two-headed ogre
  8370 | D:9      | Killed a two-headed ogre
  8386 | D:9      | Found a sparkling altar of Nemelex Xobeh.
  8747 | D:10     | Entered Level 10 of the Dungeon
  9005 | D:10     | Noticed Psyche
  9016 | D:10     | Killed Psyche
  9017 | D:10     | Reached skill level 10 in Ranged Weapons
  9061 | D:10     | Reached skill level 12 in Axes
  9304 | D:10     | Found a runed translucent door.
  9403 | D:10     | Noticed AwFulAwFulPlayer's ghost (journeyman DsCK)
  9421 | D:10     | Killed AwFulAwFulPlayer's ghost
  9543 | Lair:1   | Entered Level 1 of the Lair of Beasts
  9553 | Lair:1   | Noticed a cane toad
  9559 | Lair:1   | Killed a cane toad
  9682 | Lair:1   | Reached XP level 11. HP: 85/95 MP: 10/10
 10656 | Lair:2   | Reached skill level 13 in Axes
 10900 | Lair:2   | Mangled by a tyrant leech

Illustrated notes

Levels and vault maps discovered:
D:1:      dpeg_arrival_rhombus, layout_basic, minmay_close_crescents
D:2:      layout_rooms, shapermc_ecumenical_altar_hornbeckon, basic_altar,
          uniq_terence, uniq_robin
D:3:      layout_rooms, okawaru_ov_weapons_minmay, lemuel_doored_altar
D:4:      layout_layer_cave, fedhas_ov_isle_minmay,
          gammafunk_temple_overflow_statue, serial_shops,
          nicolae_shop_getting_attention, nicolae_shop_back_alley_shop,
          nicolae_inconvenience_store, nicolae_grassy_gnolls
D:5:      layout_loops_cross, gammafunk_ghost_nasty_kobolds
D:6:      layout_basic, minmay_temple_entry_statues_pillars,
          serial_corexii_hall, corexii_hall_statues_deadend,
          chequers_hall_statues_corner_a, lemuel_flamethrower_1, uniq_menkaure
D:7:      layout_basic, nicolae_vehumet_radiance,
          mainiacjoe_overflow_cross_hatched, grunt_gozag_breadcrumbs,
          serial_rivers, chequers_serial_rivers_small_a,
          chequers_serial_rivers_small_b, chequers_serial_rivers_small_b,
          chequers_serial_rivers_micro_d, chequers_serial_rivers_room_a,
          chequers_serial_rivers_room_a
D:8:      layout_rooms, lemuel_crystal_altar, marbit_many_paths,
          hellmonk_lair_entry_icy
D:9:      layout_small_grid, mainiacjoe_overflow_alcove_4,
          gammafunk_temple_overflow_wave, minivault_16
D:10:     layout_basic, ebering_ghost_reflecting_pool, minmay_misc_feat_rugged,
          uniq_psyche
Lair:1:   layout_long_grid
Lair:2:   layout_long_grid, minmay_swamp_entry_worms, st_stairs_5,
          beast_lair_carwin_10, infiniplex_staircase_pool, serial_bayou_shore_b

Skill      XL: |  1  2  3  4  5  6  7  8  9 10 11 |
---------------+----------------------------------+-----
Axes           | 4 5 6 7 9 10 12 13 | 13.5
Stealth        | 1 2 |  2.2
Fighting       | 4 5 6 7 8 9 |  9.8
Armour         | 3 4 6 7 8 9 |  9.4
Ranged Weapons | 2 3 4 6 8 10 11 | 11.7
Dodging        | |  2.1

Action                     |  1- 3 |  4- 6 |  7- 9 | 10-12 || total
---------------------------+-------+-------+-------+-------++-------
  Melee: Hand axe          |    59 |    66 |   223 |    53 ||   401
         Headbutt          |     5 |    12 |    34 |    35 ||    86
         Punch             |     1 |       |     2 |     1 ||     4
         Battleaxe         |       |       |       |   128 ||   128
         Unarmed           |       |       |       |     4 ||     4
   Fire: Sling             |       |    46 |    42 |     3 ||    91
         Orcbow            |       |       |       |    33 ||    33
  Throw: Stone             |     3 |     4 |     4 |       ||    11
 Invoke: Berserk           |     2 |     3 |     5 |     6 ||    16
         Trog's Hand       |       |     2 |     8 |    10 ||    20
  Evoke: Wand              |       |       |     3 |     7 ||    10
    Use: Scroll            |     2 |     2 |     6 |     9 ||    19
         Potion            |       |       |       |     1 ||     1
 Armour: Plate armour      |    40 |    61 |    24 |       ||   125
         Chain mail        |       |       |   118 |   100 ||   218
         Skin              |       |       |       |     2 ||     2
  Dodge: Dodged            |    21 |    34 |    84 |    76 ||   215
  Block: Other             |       |       |    47 |    36 ||    83
         Reflection        |       |       |     1 |     2 ||     3

Table legend: (Time is in decaauts)
 A = Elapsed time spent in this place.
 B = Non-inter-level travel time spent in this place.
 C = Inter-level travel time spent in this place.
 D = Time resting spent in this place.
 E = Time spent auto-exploring this place.
 F = Levels seen in this place.
 G = Mean time per level.
                   A        B        C        D        E       F      G
               +--------+--------+--------+--------+--------+-----+--------+
         Total |  11061 |  10478 |    583 |   2387 |   6021 |  12 |  921.8 |
       Dungeon |   9689 |   9139 |    550 |   1883 |   5458 |  10 |  968.9 |
          Lair |   1371 |   1338 |     33 |    503 |    563 |   2 |  685.5 |
               +--------+--------+--------+--------+--------+-----+--------+

Top non-repeatable levels by time:
     D:4: 1642 daAuts
     D:7: 1524 daAuts
  Lair:1: 1118 daAuts
     D:8: 1095 daAuts
     D:6: 1057 daAuts
     D:9: 972 daAuts
     D:5: 875 daAuts
    D:10: 767 daAuts
     D:1: 695 daAuts
     D:2: 656 daAuts
     D:3: 403 daAuts
  Lair:2: 253 daAuts
